Map: Ulrena

Players

STARSCREAM

  • Race: Zerg Zerg
  • League: Silver

pupu - Winner!

  • Race: Protoss Protoss
  • League: Silver

VOD

Have the link to the VOD?

Description

Time

  • Played on: April 14, 2016, 11:39 a.m.
  • Length: 11:42
Show
View Real Time Build Order
Export as new Build Order

STARSCREAM Zerg 

Build Orders: Pool First 

Get SALT Encoding   

  12  0:02  Drone  
  13  0:16  Drone  
  13  0:18  Overlord  
  14  0:38  Drone  
  14  0:39  Drone x2  
  17  0:56  Spawning Pool  
  16  0:57  Drone  
  17  1:06  Drone  
  17  1:11  Extractor  
  17  1:13  Drone  
  18  1:25  Hatchery  
  17  1:27  Drone  
  18  1:37  Overlord  
  18  1:45  Queen  
  18  1:46  Zergling x2  
  21  1:57  Drone  
  21  2:00  Roach Warren  
  21  2:06  Drone  
  22  2:13  Extractor  
  21  2:16  Drone  
  22  2:28  Drone  
  23  2:42  Queen  
  25  2:46  Roach  
  27  2:55  Roach x4  
  35  3:03  Overlord  
  35  3:05  Overlord  
  35  3:25  Roach x2  
  35  3:26  Roach  
  41  3:33  Spore Crawler  
  40  3:35  Drone  
  40  3:36  Drone  
  40  3:39  Drone  
  37  4:11  Roach x4  
  45  4:25  Ravager x3  
  48  4:36  Lair  
  48  4:40  Drone  
  48  4:43  Drone  
  50  4:49  Drone  
  51  4:54  Drone  
  24  5:38  Hydralisk Den  
  24  5:39  Drone x5  
  24  5:40  Drone x2  
  30  5:44  Drone x3  
  30  5:49  Spore Crawler  
  32  6:00  Spore Crawler  
  32  6:03  Drone  
  32  6:08  Hydralisk  
  32  6:09  Hydralisk  
  36  6:13  Roach  
  38  6:24  Roach x3  
  44  6:41  Overlord x2, Roach  
  44  6:54  Overlord x2  
  44  6:59  Queen  
  46  7:02  Muscular Augments  
  46  7:07  Ravager x3  
  46  7:08  Ravager  
  50  7:10  Ravager  
  51  7:17  Hydralisk x2  
  51  7:22  Hydralisk  
  57  7:28  Drone x2  
  57  7:29  Drone  
  60  7:32  Drone  
  61  7:45  Hydralisk  
  61  7:46  Hydralisk  
  61  7:50  Hydralisk  
  67  7:52  Hydralisk  
  67  7:57  Extractor  
  68  7:59  Drone  
  68  8:00  Extractor  
  68  8:12  Drone x4  
  72  8:21  Drone  
  73  8:29  Overlord x4  
  58  9:19  Hydralisk  
  58  9:20  Hydralisk x3  
  58  9:21  Hydralisk  
  58  9:22  Hydralisk x3  
  58  9:23  Hydralisk x3  
  62  9:38  Overseer  
  62  9:48  Hatchery  
  62  9:49  Roach x2  
  62  9:51  Roach  
  67  9:54  Glial Reconstitution  
  67  10:06  Roach x2  
  71  10:08  Roach  
  49  10:37  Hydralisk  
  49  10:38  Hydralisk x5  
  49  10:41  Roach x2  
  34  11:00  Roach x2  
Show
View Real Time Build Order
Export as new Build Order

pupu Protoss - Winner!

Build Orders: Oracle Opening 

Get SALT Encoding   

  12  0:00  Probe (Chrono Boost)  
  13  0:11  Probe (Chrono Boost)  
  14  0:19  Pylon  
  14  0:22  Probe (Chrono Boost)  
  15  0:38  Probe (Chrono Boost)  
  15  0:40  Gateway  
  16  0:48  Probe (Chrono Boost)  
  16  0:49  Assimilator  
  17  0:55  Assimilator  
  17  0:59  Probe (Chrono Boost)  
  18  1:09  Probe (Chrono Boost)  
  19  1:20  Probe (Chrono Boost)  
  20  1:25  Pylon  
  20  1:31  Cybernetics Core  
  20  1:32  Probe (Chrono Boost)  
  21  1:43  Probe (Chrono Boost)  
  22  1:56  Probe (Chrono Boost)  
  23  2:16  Stargate  
  23  2:24  Nexus  
  23  2:25  Warp Gate (Chrono Boost)  
  23  2:28  Adept  
  25  2:33  Pylon  
  25  2:35  Probe  
  26  2:47  Probe  
  27  2:59  Oracle (Chrono Boost)  
  27  3:05  Gateway  
  30  3:12  Pylon  
  30  3:16  Gateway  
  30  3:17  Probe  
  31  3:24  Sentry  
  33  3:29  Probe  
  34  3:34  Pylon  
  34  3:40  Oracle (Chrono Boost)  
  37  3:42  Probe  
  38  4:04  Probe  
  38  4:06  Probe  
  37  4:15  Void Ray (Chrono Boost)  
  41  4:22  Stalker x3  
  47  4:26  Probe, Pylon  
  47  4:27  Probe  
  49  4:37  Probe  
  49  4:38  Gateway  
  50  4:48  Mothership Core  
  50  4:51  Stalker x2  
  56  4:57  Stalker  
  48  5:19  Stalker  
  48  5:20  Stalker  
  44  5:29  Stalker  
  45  5:44  Probe  
  45  5:45  Probe, Assimilator  
  45  5:49  Void Ray (Chrono Boost)  
  51  5:51  Zealot x2  
  53  6:50  Zealot x3  
  59  7:00  Twilight Council  
  59  7:01  Forge  
  59  7:04  Gateway  
  59  7:05  Probe  
  59  7:06  Gateway  
  59  7:07  Probe  
  61  7:08  Zealot, Gateway  
  61  7:09  Pylon  
  61  7:10  Zealot  
  61  7:11  Zealot, Pylon  
  61  7:12  Zealot  
  61  7:13  Pylon  
  69  7:20  Protoss Ground Weapons Level 1 (Chrono Boost)  
  69  7:22  Probe  
  69  7:23  Pylon  
  69  7:24  Probe  
  71  7:36  Probe  
  71  7:37  Charge (Chrono Boost)  
  72  7:40  Zealot x3  
  72  7:41  Zealot  
  80  7:52  Probe x2  
  82  8:01  Pylon  
  82  8:04  Stalker x2, Nexus  
  86  8:18  Zealot x2  
  90  8:27  Void Ray  
  94  8:42  Probe  
  94  8:43  Probe  
  53  9:04  Zealot x7  
  63  9:24  Void Ray  
  63  9:29  Zealot x3  
  63  9:30  Zealot x2  
  63  9:31  Zealot  
  79  9:42  Probe x2, Protoss Ground Armor Level 1  
  79  9:44  Probe  
  82  9:51  Assimilator  
  82  9:54  Probe  
  82  9:59  Zealot x3  
  89  10:00  Zealot  
  89  10:01  Zealot  
  89  10:03  Sentry  
  95  10:07  Void Ray  
  99  10:35  Zealot x5  
  93  10:36  Zealot x2  
  97  11:04  Zealot x4  
  97  11:05  Zealot x3  
Tags
 
Add a new tag
Caveats
  • Supply blocks, unpowered buildings, or Contaminate may cause inaccurate times.
  • Supply counts are checked every 10 seconds.